cohdb
Replays
Latest Replays
All Replays
Popular Replays
Top Player Replays
Match Explorer
How It Works
Community
CoH3 Stats
Reddit
Sign in to upload your games and track your stats! →
Sign in with Steam
Match 40155808
Unlisted
Match 40155808
Overview
Messages
Build Orders
End
Construct Barracks
Selects Airborne Battlegroup
Selects Pathfinders
Selects Heavy Machine Gun Paradrop
Heavy Machine Gun Paradrop
Engineer Squad
Engineer Squad
Engineer Squad
Heavy Machine Gun Paradrop
Infantry Support Center
Engineer Squad
Selects Paratrooper Squad Paradrop
Selects Anti-tank Gun Team Paradrop
Anti-tank Gun Team Paradrop
WHO IS YOUR DADDY?
bj murphy and the bear
Frontalot
-BumbleBEE-
Butcher
бескрайняя плоть
Jd577
astrostorm
0
0
Comments
sign in to comment!
No comments posted yet!